Connexion

PITTSBURGH Penguins vs DETROIT Red Wings

Created - 16 mars 2024 at 08:17

Goals
1 2 3 T
PITTSBURGH Penguins 1 1 0 2
DETROIT Red Wings 3 1 2 6
Shots
1 2 3 T
PITTSBURGH Penguins 8 12 3 23
DETROIT Red Wings 7 5 12 24

GoalsPenalties
1st period
1. DETROIT Red Wings , Jamie Benn 30 (Erik Karlsson 41, Nathan Mackinnon 43) at 0:43
2. DETROIT Red Wings , Zach Whitecloud 8 (Sami Niku 17) at 2:19
3. PITTSBURGH Penguins , Oliver Bjorkstrand 25 (Brad Marchand 50, Anton Lindholm 44) at 5:32
4. DETROIT Red Wings , Valeri Nichushkin 20 (Drake Batherson 40, Morgan Rielly 54) at 13:29
Brad Marchand (PIT) for Roughing (Minor) at 6:34
2nd period
5. PITTSBURGH Penguins , Jake Gardiner 15 (Will Butcher 50, Gustav Nyquist 33) at 4:37 (PP)
6. DETROIT Red Wings , Valeri Nichushkin 21 (Morgan Rielly 55, Mark Stone 25) at 15:54
Sami Niku (DET) for Hooking (Minor) at 2:39
3rd period
7. DETROIT Red Wings , Devon Toews 14 (Jamie Benn 31, Mikko Rantanen 37) at 7:42 (PP)
8. DETROIT Red Wings , Drake Batherson 24 (Morgan Rielly 56, Jake Bean 35) at 10:11
Andrei Svechnikov (PIT) for High sticking (Minor) at 6:14
Goalie Stats
Darcy Kuemper (PIT), 12 saves from 14 shots - (0,857), 24:06 minutes
Jonathan Quick (PIT), 6 saves from 10 shots - (0,600), L, 12-8-0, 35:54 minutes
Alexandar Georgiev (DET), 21 saves from 23 shots - (0,913), W, 9-5-0, 60:00 minutes
3 StarsOfficial
1 - Valeri Nichushkin (DET)
2 - Drake Batherson (DET)
3 - Morgan Rielly (DET)
Referees : Don VanMassenhoven and Tom Kowal
Linesman : Brad Lazarowich and Pierre Champoux
Game Note
Darcy Kuemper enters game at 15:54 of 2nd period
Finance
Level 1 -- Attendance: 6000 (100,00%) -- Ticket Income $690,000
Level 2 -- Attendance: 5372 (76,03%) -- Ticket Income $402,900
Level 3 -- Attendance: 2000 (100,00%) -- Ticket Income $110,000
Level 4 -- Attendance: 4000 (100,00%) -- Ticket Income $128,000
Luxury Box -- Attendance: 1000 (100,00%) -- Ticket Income $227,000
Game was played at the Joe Louis Arena.
Total Attendance: 18372 (91,56%)
Total Ticket Income: $1,557,900
Other Income: $311,580
Total Income: $1,869,480



Team Name Goals Shots Shots Attemp Shots Blocked PIM HIT PP PK FO%
PITTSBURGH Penguins 22349164191 / 1 (100%)159%
DETROIT Red Wings 62461122201 / 2 (50%)141%

PITTSBURGH Penguins
Player Name POS G A P +/- PIM HIT SHT SB MP PP MP PP SHT PK MP PK SHT FO% FOT
Adam LarssonD000-1020119:311:0402:0100% 0
Alexander BarabanovLW/RW000-1001015:290:0000:00067% 3
Andrei SvechnikovLW/RW000-2240120:580:5400:28067% 3
Anton LindholmD011-1000119:311:0402:0100% 0
Brad MarchandLW/RW011-1245021:071:0400:3500% 1
Connor McDavidC000-1004022:141:0401:41063% 24
Gustav NyquistC/LW/RW011-2002016:550:5401:1800% 0
Jake GardinerD101-2001924:390:5411:2600% 0
Justin KloosC/RW000000104:540:0000:00050% 4
Kevin ConnautonD000-1020115:500:0000:0000% 0
Matthew NietoLW/RW000000001:060:0001:0600% 0
Milan LucicLW000003004:540:0000:0000% 0
Oliver Bjorkstrand LW/RW101-1014021:511:0411:1800% 2
Ross ColtonC000-1011015:570:0000:28082% 11
Trevor CarrickD000-1000015:500:0000:0000% 0
Vitali KravtsovRW000-1002115:290:0000:0000% 1
Will ButcherD011-2011224:390:5411:2600% 0
William NylanderC/RW000-2011015:370:5400:00052% 21
DETROIT Red Wings
Player Name POS G A P +/- PIM HIT SHT SB MP PP MP PP SHT PK MP PK SHT FO% FOT
Ben MeyersC/LW000000003:410:0000:00050% 6
Devon ToewsD1011031324:331:4311:1300% 0
Drake BathersonC/RW1123022019:391:4400:22028% 18
Erik KarlssonD0111020324:331:4301:1300% 0
Fillip ZadinaRW000000103:410:0000:0000% 0
Gabriel LandeskogLW/RW0000000016:070:0000:0000% 0
Jake BeanD0113011118:371:4410:4500% 0
Jamie BennC/LW1121025024:141:4311:36057% 23
Mark StoneRW0113013019:391:4400:2200% 1
Mikko RantanenC/LW/RW0111012018:571:4300:0000% 0
Morgan RiellyD0333001118:371:4410:4500% 0
Nathan MackinnonC/RW0111033020:331:4301:3600% 0
Nick MerkleyRW000000000:000:0000:0000% 0
Noah GregorC0000011016:070:0000:00044% 18
Sami NikuD0110200116:490:0000:0000% 0
Tanner JeannotLW/RW0000021116:070:0000:0000% 0
Valeri NichushkinLW/RW2023002019:171:4400:0000% 4
Zach WhitecloudD1010021216:500:0000:0000% 0



Play-by-Play

1st period


0:01 of 1st period - Jamie Benn wins face-off versus Connor McDavid in neutral zone.
0:06 of 1st period - Shot by Jamie Benn.
0:06 of 1st period - Shot Misses the Net.
0:08 of 1st period - Shot by Jamie Benn.
0:08 of 1st period - Shot Misses the Net.
0:24 of 1st period - Will Butcher is hit by Jamie Benn and loses puck.
0:37 of 1st period - Shot by Erik Karlsson.
0:37 of 1st period - Shot Misses the Net.
0:39 of 1st period - Shot by Erik Karlsson.
0:39 of 1st period - Shot Blocked by Will Butcher.
0:43 of 1st period - Shot by Jamie Benn.
0:43 of 1st period - Goal by Jamie Benn - PITTSBURGH Penguins : 0 - DETROIT Red Wings : 1.
0:44 of 1st period - William Nylander wins face-off versus Drake Batherson in neutral zone.
0:47 of 1st period - Shot by Gustav Nyquist.
0:47 of 1st period - Deflect By William Nylander.
0:47 of 1st period - Stopped by Alexandar Georgiev with a rebound.
0:49 of 1st period - Shot by Anton Lindholm.
0:49 of 1st period - Shot Misses the Net.
1:03 of 1st period - Shot by William Nylander.
1:03 of 1st period - Shot Blocked by Jake Bean.
1:05 of 1st period - Shot by Gustav Nyquist.
1:05 of 1st period - Shot Misses the Net.
1:41 of 1st period - Morgan Rielly is hit by Kevin Connauton.
2:19 of 1st period - Shot by Zach Whitecloud.
2:19 of 1st period - Goal by Zach Whitecloud - PITTSBURGH Penguins : 0 - DETROIT Red Wings : 2.
2:20 of 1st period - Ben Meyers wins face-off versus Connor McDavid in neutral zone.
2:37 of 1st period - Icing by Jamie Benn.
2:38 of 1st period - Ben Meyers wins face-off versus Andrei Svechnikov in DETROIT Red Wings zone.
2:38 of 1st period - Ben Meyers is hit by Milan Lucic.
2:49 of 1st period - Milan Lucic is hit by Erik Karlsson and loses puck.
2:55 of 1st period - Off-side.
2:56 of 1st period - Connor McDavid wins face-off versus Noah Gregor in neutral zone.
2:58 of 1st period - Off-side.
2:59 of 1st period - Connor McDavid wins face-off versus Jamie Benn in neutral zone.
3:10 of 1st period - Shot by Oliver Bjorkstrand .
3:10 of 1st period - Stopped by Alexandar Georgiev without a rebound.
3:11 of 1st period - Andrei Svechnikov wins face-off versus Noah Gregor in DETROIT Red Wings zone.
3:12 of 1st period - Shot by Gustav Nyquist.
3:12 of 1st period - Stopped by Alexandar Georgiev without a rebound.
3:13 of 1st period - Jamie Benn wins face-off versus William Nylander in DETROIT Red Wings zone.
4:18 of 1st period - Shot by Brad Marchand.
4:18 of 1st period - Stopped by Alexandar Georgiev with a rebound.
4:34 of 1st period - Shot by Brad Marchand.
4:34 of 1st period - Stopped by Alexandar Georgiev without a rebound.
4:35 of 1st period - Noah Gregor wins face-off versus Ross Colton in DETROIT Red Wings zone.
4:35 of 1st period - Noah Gregor is hit by Ross Colton.
4:47 of 1st period - Shot by Tanner Jeannot.
4:47 of 1st period - Shot Blocked by Vitali Kravtsov.
5:32 of 1st period - Shot by Oliver Bjorkstrand .
5:32 of 1st period - Goal by Oliver Bjorkstrand - PITTSBURGH Penguins : 1 - DETROIT Red Wings : 2.
5:33 of 1st period - Justin Kloos wins face-off versus Drake Batherson in neutral zone.
6:34 of 1st period - Minor Penalty to Brad Marchand for Roughing.
6:35 of 1st period - Connor McDavid wins face-off versus Jamie Benn in PITTSBURGH Penguins zone.
7:16 of 1st period - Shot by Mikko Rantanen.
7:16 of 1st period - Shot Blocked by Jake Gardiner.
7:23 of 1st period - Icing by Nathan Mackinnon.
7:24 of 1st period - Jamie Benn wins face-off versus Connor McDavid in DETROIT Red Wings zone.
7:51 of 1st period - Shot by Morgan Rielly.
7:51 of 1st period - Shot Blocked by Jake Gardiner.
7:53 of 1st period - Shot by Drake Batherson.
7:53 of 1st period - Shot Misses the Net.
7:55 of 1st period - Shot by Jake Bean.
7:55 of 1st period - Stopped by Jonathan Quick with a rebound.
7:57 of 1st period - Shot by Valeri Nichushkin.
7:57 of 1st period - Shot Misses the Net.
8:03 of 1st period - Shot by Morgan Rielly.
8:03 of 1st period - Shot Misses the Net.
8:35 of 1st period - Mikko Rantanen is hit by Kevin Connauton and loses puck.
9:15 of 1st period - Icing by Vitali Kravtsov.
9:16 of 1st period - Ross Colton wins face-off versus Ben Meyers in PITTSBURGH Penguins zone.
9:51 of 1st period - Shot by Jamie Benn.
9:51 of 1st period - Stopped by Jonathan Quick with a rebound.
9:53 of 1st period - Shot by Morgan Rielly.
9:53 of 1st period - Shot Blocked by Kevin Connauton.
10:35 of 1st period - Shot by Brad Marchand.
10:35 of 1st period - Shot Blocked by Devon Toews.
10:41 of 1st period - Brad Marchand is hit by Drake Batherson and loses puck.
10:54 of 1st period - Zach Whitecloud is hit by Brad Marchand and loses puck.
11:04 of 1st period - Icing by Tanner Jeannot.
11:05 of 1st period - William Nylander wins face-off versus Noah Gregor in DETROIT Red Wings zone.
11:20 of 1st period - Shot by Gustav Nyquist.
11:20 of 1st period - Stopped by Alexandar Georgiev with a rebound.
11:23 of 1st period - Icing by Gabriel Landeskog.
11:24 of 1st period - Noah Gregor wins face-off versus Justin Kloos in DETROIT Red Wings zone.
11:33 of 1st period - Shot by Gabriel Landeskog.
11:33 of 1st period - Shot Misses the Net.
11:35 of 1st period - Shot by Tanner Jeannot.
11:35 of 1st period - Deflect By Gabriel Landeskog.
11:35 of 1st period - Shot Misses the Net.
11:37 of 1st period - Shot by Zach Whitecloud.
11:37 of 1st period - Shot Misses the Net.
11:39 of 1st period - Shot by Zach Whitecloud.
11:39 of 1st period - Shot Blocked by Jake Gardiner.
11:47 of 1st period - Shot by Tanner Jeannot.
11:47 of 1st period - Shot Misses the Net.
12:05 of 1st period - Shot by Mikko Rantanen.
12:05 of 1st period - Deflect By Jamie Benn.
12:05 of 1st period - Stopped by Jonathan Quick without a rebound.
12:06 of 1st period - Jamie Benn wins face-off versus Connor McDavid in PITTSBURGH Penguins zone.
13:29 of 1st period - Shot by Drake Batherson.
13:29 of 1st period - Deflect By Valeri Nichushkin.
13:29 of 1st period - Goal by Valeri Nichushkin - PITTSBURGH Penguins : 1 - DETROIT Red Wings : 3.
13:30 of 1st period - Noah Gregor wins face-off versus William Nylander in neutral zone.
13:44 of 1st period - Off-side.
13:45 of 1st period - Ross Colton wins face-off versus Jamie Benn in neutral zone.
14:09 of 1st period - Shot by Fillip Zadina.
14:09 of 1st period - Stopped by Jonathan Quick without a rebound.
14:10 of 1st period - Drake Batherson wins face-off versus William Nylander in PITTSBURGH Penguins zone.
14:10 of 1st period - Drake Batherson is hit by Will Butcher.
14:26 of 1st period - Devon Toews is hit by Andrei Svechnikov and loses puck.
14:30 of 1st period - Icing by Devon Toews.
14:31 of 1st period - Alexander Barabanov wins face-off versus Drake Batherson in DETROIT Red Wings zone.
14:51 of 1st period - Off-side.
14:52 of 1st period - Jamie Benn wins face-off versus William Nylander in neutral zone.
15:47 of 1st period - Icing by Jake Gardiner.
15:48 of 1st period - William Nylander wins face-off versus Drake Batherson in PITTSBURGH Penguins zone.
16:10 of 1st period - Icing by Erik Karlsson.
16:11 of 1st period - Connor McDavid wins face-off versus Drake Batherson in DETROIT Red Wings zone.
16:24 of 1st period - Shot by Connor McDavid.
16:24 of 1st period - Stopped by Alexandar Georgiev without a rebound.
16:25 of 1st period - Ross Colton wins face-off versus Jamie Benn in DETROIT Red Wings zone.
16:43 of 1st period - Shot by Vitali Kravtsov.
16:43 of 1st period - Shot Blocked by Zach Whitecloud.
16:58 of 1st period - Icing by Trevor Carrick.
16:59 of 1st period - Ross Colton wins face-off versus Drake Batherson in PITTSBURGH Penguins zone.
17:51 of 1st period - Icing by Erik Karlsson.
17:52 of 1st period - Drake Batherson wins face-off versus Connor McDavid in DETROIT Red Wings zone.
18:15 of 1st period - Icing by Jake Gardiner.
18:16 of 1st period - Connor McDavid wins face-off versus Noah Gregor in PITTSBURGH Penguins zone.
19:15 of 1st period - Icing by Brad Marchand.
19:16 of 1st period - Jamie Benn wins face-off versus Oliver Bjorkstrand in PITTSBURGH Penguins zone.
Goals for this period are 1 for PITTSBURGH Penguins vs 3 for DETROIT Red Wings.
Shots for this period are 8 for PITTSBURGH Penguins vs 7 for DETROIT Red Wings.

2nd period


0:01 of 2nd period - Jamie Benn wins face-off versus William Nylander in neutral zone.
1:15 of 2nd period - Shot by Mark Stone.
1:15 of 2nd period - Stopped by Jonathan Quick without a rebound.
1:16 of 2nd period - Ross Colton wins face-off versus Noah Gregor in PITTSBURGH Penguins zone.
1:16 of 2nd period - Ross Colton is hit by Tanner Jeannot.
2:22 of 2nd period - Connor McDavid is hit by Zach Whitecloud and loses puck.
2:28 of 2nd period - Connor McDavid is hit by Zach Whitecloud and loses puck.
2:37 of 2nd period - Shot by Brad Marchand.
2:37 of 2nd period - Stopped by Alexandar Georgiev with a rebound.
2:39 of 2nd period - Shot by Brad Marchand.
2:39 of 2nd period - Stopped by Alexandar Georgiev without a rebound.
2:39 of 2nd period - Minor Penalty to Sami Niku for Hooking.
2:40 of 2nd period - Jamie Benn wins face-off versus William Nylander in DETROIT Red Wings zone.
3:01 of 2nd period - Icing by Jake Gardiner.
3:02 of 2nd period - William Nylander wins face-off versus Jamie Benn in PITTSBURGH Penguins zone.
3:19 of 2nd period - Shot by Will Butcher.
3:19 of 2nd period - Stopped by Alexandar Georgiev without a rebound.
3:20 of 2nd period - Jamie Benn wins face-off versus Connor McDavid in DETROIT Red Wings zone.
3:29 of 2nd period - Shot by Oliver Bjorkstrand .
3:29 of 2nd period - Stopped by Alexandar Georgiev without a rebound.
3:30 of 2nd period - Connor McDavid wins face-off versus Jamie Benn in DETROIT Red Wings zone.
4:37 of 2nd period - Shot by Jake Gardiner.
4:37 of 2nd period - Goal by Jake Gardiner - PITTSBURGH Penguins : 2 - DETROIT Red Wings : 3.
4:38 of 2nd period - Noah Gregor wins face-off versus Alexander Barabanov in neutral zone.
6:28 of 2nd period - Oliver Bjorkstrand is hit by Mark Stone.
6:59 of 2nd period - Shot by Connor McDavid.
6:59 of 2nd period - Stopped by Alexandar Georgiev without a rebound.
7:00 of 2nd period - Jamie Benn wins face-off versus Justin Kloos in DETROIT Red Wings zone.
7:00 of 2nd period - Jamie Benn is hit by Milan Lucic.
7:20 of 2nd period - Shot by Andrei Svechnikov.
7:20 of 2nd period - Shot Misses the Net.
8:07 of 2nd period - Shot by Vitali Kravtsov.
8:07 of 2nd period - Shot Hit the Post.
8:09 of 2nd period - Shot by Ross Colton.
8:09 of 2nd period - Stopped by Alexandar Georgiev without a rebound.
8:10 of 2nd period - Noah Gregor wins face-off versus Brad Marchand in DETROIT Red Wings zone.
8:10 of 2nd period - Noah Gregor is hit by Brad Marchand.
8:16 of 2nd period - Shot by Connor McDavid.
8:16 of 2nd period - Shot Blocked by Tanner Jeannot.
9:22 of 2nd period - Shot by Erik Karlsson.
9:22 of 2nd period - Shot Blocked by Will Butcher.
9:24 of 2nd period - Shot by Devon Toews.
9:24 of 2nd period - Shot Blocked by Jake Gardiner.
9:26 of 2nd period - Shot by Jamie Benn.
9:26 of 2nd period - Stopped by Jonathan Quick without a rebound.
9:27 of 2nd period - William Nylander wins face-off versus Valeri Nichushkin in PITTSBURGH Penguins zone.
10:03 of 2nd period - Jake Bean is hit by Andrei Svechnikov and loses puck.
11:23 of 2nd period - Shot by Brad Marchand.
11:23 of 2nd period - Deflect By Oliver Bjorkstrand .
11:23 of 2nd period - Shot Misses the Net.
11:39 of 2nd period - Connor McDavid is hit by Mikko Rantanen and loses puck.
11:51 of 2nd period - Icing by Oliver Bjorkstrand .
11:52 of 2nd period - Connor McDavid wins face-off versus Noah Gregor in PITTSBURGH Penguins zone.
11:52 of 2nd period - Connor McDavid is hit by Noah Gregor.
12:52 of 2nd period - Shot by William Nylander.
12:52 of 2nd period - Shot Misses the Net.
12:54 of 2nd period - Shot by Gustav Nyquist.
12:54 of 2nd period - Shot Misses the Net.
13:18 of 2nd period - Shot by Will Butcher.
13:18 of 2nd period - Shot Misses the Net.
14:04 of 2nd period - Shot by Brad Marchand.
14:04 of 2nd period - Shot Misses the Net.
14:10 of 2nd period - Connor McDavid is hit by Nathan Mackinnon and loses puck.
14:47 of 2nd period - Shot by Justin Kloos.
14:47 of 2nd period - Shot Misses the Net.
15:28 of 2nd period - Shot by Alexander Barabanov.
15:28 of 2nd period - Stopped by Alexandar Georgiev with a rebound.
15:30 of 2nd period - Shot by Vitali Kravtsov.
15:30 of 2nd period - Stopped by Alexandar Georgiev without a rebound.
15:31 of 2nd period - Connor McDavid wins face-off versus Ben Meyers in DETROIT Red Wings zone.
15:38 of 2nd period - Shot by Oliver Bjorkstrand .
15:38 of 2nd period - Shot Misses the Net.
15:40 of 2nd period - Shot by Connor McDavid.
15:40 of 2nd period - Stopped by Alexandar Georgiev without a rebound.
15:41 of 2nd period - Drake Batherson wins face-off versus William Nylander in DETROIT Red Wings zone.
15:54 of 2nd period - Shot by Valeri Nichushkin.
15:54 of 2nd period - Goal by Valeri Nichushkin - PITTSBURGH Penguins : 2 - DETROIT Red Wings : 4.
15:54 of 2nd period - Darcy Kuemper enters game.
15:55 of 2nd period - Ben Meyers wins face-off versus Connor McDavid in neutral zone.
16:10 of 2nd period - Jamie Benn is hit by Adam Larsson and loses puck.
16:23 of 2nd period - Shot by Jamie Benn.
16:23 of 2nd period - Shot Blocked by Anton Lindholm.
16:40 of 2nd period - Off-side.
16:41 of 2nd period - William Nylander wins face-off versus Drake Batherson in neutral zone.
17:44 of 2nd period - Icing by Zach Whitecloud.
17:45 of 2nd period - Noah Gregor wins face-off versus Connor McDavid in DETROIT Red Wings zone.
18:18 of 2nd period - Shot by Oliver Bjorkstrand .
18:18 of 2nd period - Shot Blocked by Sami Niku.
18:20 of 2nd period - Shot by Connor McDavid.
18:20 of 2nd period - Stopped by Alexandar Georgiev without a rebound.
18:21 of 2nd period - Ross Colton wins face-off versus Jamie Benn in DETROIT Red Wings zone.
18:23 of 2nd period - Vitali Kravtsov is hit by Devon Toews and loses puck.
18:50 of 2nd period - Shot by Nathan Mackinnon.
18:50 of 2nd period - Stopped by Darcy Kuemper without a rebound.
18:51 of 2nd period - Drake Batherson wins face-off versus William Nylander in PITTSBURGH Penguins zone.
18:54 of 2nd period - Shot by Valeri Nichushkin.
18:54 of 2nd period - Deflect By Mark Stone.
18:54 of 2nd period - Stopped by Darcy Kuemper without a rebound.
18:55 of 2nd period - Connor McDavid wins face-off versus Drake Batherson in PITTSBURGH Penguins zone.
19:05 of 2nd period - Icing by Will Butcher.
19:06 of 2nd period - Jamie Benn wins face-off versus Oliver Bjorkstrand in PITTSBURGH Penguins zone.
19:09 of 2nd period - Shot by Nathan Mackinnon.
19:09 of 2nd period - Shot Misses the Net.
19:19 of 2nd period - Shot by Connor McDavid.
19:19 of 2nd period - Deflect By Oliver Bjorkstrand .
19:19 of 2nd period - Stopped by Alexandar Georgiev without a rebound.
19:20 of 2nd period - William Nylander wins face-off versus Drake Batherson in DETROIT Red Wings zone.
19:40 of 2nd period - Icing by Adam Larsson.
19:41 of 2nd period - William Nylander wins face-off versus Jamie Benn in PITTSBURGH Penguins zone.
19:41 of 2nd period - William Nylander is hit by Nathan Mackinnon.
Goals for this period are 1 for PITTSBURGH Penguins vs 1 for DETROIT Red Wings.
Shots for this period are 12 for PITTSBURGH Penguins vs 5 for DETROIT Red Wings.

3rd period


0:01 of 3rd period - Connor McDavid wins face-off versus Jamie Benn in neutral zone.
0:18 of 3rd period - Shot by Mikko Rantanen.
0:18 of 3rd period - Stopped by Darcy Kuemper with a rebound.
0:20 of 3rd period - Shot by Erik Karlsson.
0:20 of 3rd period - Shot Blocked by Jake Gardiner.
0:22 of 3rd period - Shot by Devon Toews.
0:22 of 3rd period - Shot Misses the Net.
0:24 of 3rd period - Shot by Jamie Benn.
0:24 of 3rd period - Shot Misses the Net.
0:26 of 3rd period - Shot by Nathan Mackinnon.
0:26 of 3rd period - Shot Blocked by Jake Gardiner.
0:28 of 3rd period - Shot by Devon Toews.
0:28 of 3rd period - Shot Blocked by Jake Gardiner.
1:10 of 3rd period - Jake Bean is hit by William Nylander and loses puck.
1:18 of 3rd period - Valeri Nichushkin is hit by Adam Larsson and loses puck.
1:35 of 3rd period - Shot by Mark Stone.
1:35 of 3rd period - Shot Blocked by Andrei Svechnikov.
1:37 of 3rd period - Shot by Drake Batherson.
1:37 of 3rd period - Stopped by Darcy Kuemper without a rebound.
1:38 of 3rd period - Ross Colton wins face-off versus Noah Gregor in PITTSBURGH Penguins zone.
1:40 of 3rd period - Icing by Alexander Barabanov.
1:41 of 3rd period - Noah Gregor wins face-off versus Ross Colton in PITTSBURGH Penguins zone.
1:51 of 3rd period - Shot by Tanner Jeannot.
1:51 of 3rd period - Shot Misses the Net.
3:07 of 3rd period - Shot by Mikko Rantanen.
3:07 of 3rd period - Stopped by Darcy Kuemper without a rebound.
3:08 of 3rd period - Drake Batherson wins face-off versus William Nylander in PITTSBURGH Penguins zone.
3:46 of 3rd period - Icing by Morgan Rielly.
3:47 of 3rd period - Connor McDavid wins face-off versus Valeri Nichushkin in DETROIT Red Wings zone.
4:14 of 3rd period - Shot by Mikko Rantanen.
4:14 of 3rd period - Shot Misses the Net.
4:16 of 3rd period - Shot by Erik Karlsson.
4:16 of 3rd period - Shot Misses the Net.
4:18 of 3rd period - Shot by Nathan Mackinnon.
4:18 of 3rd period - Stopped by Darcy Kuemper without a rebound.
4:19 of 3rd period - Jamie Benn wins face-off versus Vitali Kravtsov in PITTSBURGH Penguins zone.
4:33 of 3rd period - Shot by Jamie Benn.
4:33 of 3rd period - Shot Misses the Net.
4:35 of 3rd period - Shot by Devon Toews.
4:35 of 3rd period - Shot Misses the Net.
4:49 of 3rd period - Shot by Nathan Mackinnon.
4:49 of 3rd period - Stopped by Darcy Kuemper without a rebound.
4:50 of 3rd period - Connor McDavid wins face-off versus Noah Gregor in PITTSBURGH Penguins zone.
5:32 of 3rd period - Shot by Noah Gregor.
5:32 of 3rd period - Shot Blocked by Jake Gardiner.
5:34 of 3rd period - Shot by Noah Gregor.
5:34 of 3rd period - Stopped by Darcy Kuemper with a rebound.
6:14 of 3rd period - Minor Penalty to Andrei Svechnikov for High sticking.
6:15 of 3rd period - Connor McDavid wins face-off versus Valeri Nichushkin in PITTSBURGH Penguins zone.
6:15 of 3rd period - Connor McDavid is hit by Drake Batherson.
6:29 of 3rd period - Shot by Morgan Rielly.
6:29 of 3rd period - Shot Blocked by Jake Gardiner.
6:55 of 3rd period - Shot by Morgan Rielly.
6:55 of 3rd period - Stopped by Darcy Kuemper with a rebound.
7:04 of 3rd period - Icing by Mark Stone.
7:05 of 3rd period - Connor McDavid wins face-off versus Drake Batherson in DETROIT Red Wings zone.
7:05 of 3rd period - Anton Lindholm is hit by Jake Bean and loses puck.
7:36 of 3rd period - Shot by Mikko Rantanen.
7:36 of 3rd period - Shot Misses the Net.
7:38 of 3rd period - Shot by Jamie Benn.
7:38 of 3rd period - Stopped by Darcy Kuemper with a rebound.
7:40 of 3rd period - Shot by Jamie Benn.
7:40 of 3rd period - Shot Blocked by Adam Larsson.
7:42 of 3rd period - Shot by Devon Toews.
7:42 of 3rd period - Goal by Devon Toews - PITTSBURGH Penguins : 2 - DETROIT Red Wings : 5.
7:43 of 3rd period - Justin Kloos wins face-off versus Noah Gregor in neutral zone.
7:46 of 3rd period - Shot by Andrei Svechnikov.
7:46 of 3rd period - Shot Misses the Net.
8:07 of 3rd period - Shot by Justin Kloos.
8:07 of 3rd period - Stopped by Alexandar Georgiev with a rebound.
8:21 of 3rd period - Shot by Tanner Jeannot.
8:21 of 3rd period - Shot Misses the Net.
9:35 of 3rd period - Jake Gardiner is hit by Nathan Mackinnon and loses puck.
9:57 of 3rd period - Shot by Mark Stone.
9:57 of 3rd period - Stopped by Darcy Kuemper without a rebound.
9:58 of 3rd period - William Nylander wins face-off versus Valeri Nichushkin in PITTSBURGH Penguins zone.
10:11 of 3rd period - Shot by Drake Batherson.
10:11 of 3rd period - Goal by Drake Batherson - PITTSBURGH Penguins : 2 - DETROIT Red Wings : 6.
10:12 of 3rd period - Alexander Barabanov wins face-off versus Drake Batherson in neutral zone.
10:31 of 3rd period - Shot by Alexander Barabanov.
10:31 of 3rd period - Shot Misses the Net.
10:33 of 3rd period - Shot by Ross Colton.
10:33 of 3rd period - Shot Blocked by Morgan Rielly.
10:35 of 3rd period - Shot by Vitali Kravtsov.
10:35 of 3rd period - Stopped by Alexandar Georgiev without a rebound.
10:36 of 3rd period - Noah Gregor wins face-off versus William Nylander in DETROIT Red Wings zone.
10:36 of 3rd period - Noah Gregor is hit by Andrei Svechnikov.
11:34 of 3rd period - Devon Toews is hit by Andrei Svechnikov.
12:12 of 3rd period - Icing by Nathan Mackinnon.
12:13 of 3rd period - Jamie Benn wins face-off versus Connor McDavid in DETROIT Red Wings zone.
12:20 of 3rd period - Oliver Bjorkstrand is hit by Jamie Benn and loses puck.
12:45 of 3rd period - Erik Karlsson is hit by Brad Marchand.
12:49 of 3rd period - Jamie Benn is hit by Brad Marchand and loses puck.
12:58 of 3rd period - Shot by Connor McDavid.
12:58 of 3rd period - Shot Blocked by Devon Toews.
13:51 of 3rd period - Icing by Valeri Nichushkin.
13:52 of 3rd period - Andrei Svechnikov wins face-off versus Mark Stone in DETROIT Red Wings zone.
14:18 of 3rd period - Morgan Rielly is hit by Milan Lucic and loses puck.
14:57 of 3rd period - Shot by Connor McDavid.
14:57 of 3rd period - Deflect By Brad Marchand.
14:57 of 3rd period - Stopped by Alexandar Georgiev without a rebound.
14:58 of 3rd period - Ross Colton wins face-off versus Ben Meyers in DETROIT Red Wings zone.
16:01 of 3rd period - Adam Larsson is hit by Tanner Jeannot and loses puck.
16:10 of 3rd period - Tanner Jeannot is hit by Oliver Bjorkstrand and loses puck.
16:30 of 3rd period - Connor McDavid is hit by Devon Toews.
16:39 of 3rd period - Icing by Devon Toews.
16:40 of 3rd period - William Nylander wins face-off versus Drake Batherson in DETROIT Red Wings zone.
16:40 of 3rd period - Will Butcher is hit by Erik Karlsson and loses puck.
16:48 of 3rd period - Gustav Nyquist is hit by Devon Toews and loses puck.
16:59 of 3rd period - Shot by William Nylander.
16:59 of 3rd period - Shot Blocked by Erik Karlsson.
17:09 of 3rd period - Shot by Jake Gardiner.
17:09 of 3rd period - Shot Blocked by Erik Karlsson.
17:11 of 3rd period - Shot by Andrei Svechnikov.
17:11 of 3rd period - Shot Blocked by Devon Toews.
17:38 of 3rd period - Icing by Kevin Connauton.
17:39 of 3rd period - Ross Colton wins face-off versus Jamie Benn in PITTSBURGH Penguins zone.
18:00 of 3rd period - Shot by Ross Colton.
18:00 of 3rd period - Shot Blocked by Zach Whitecloud.
18:08 of 3rd period - Shot by Alexander Barabanov.
18:08 of 3rd period - Shot Misses the Net.
18:37 of 3rd period - Icing by Anton Lindholm.
18:38 of 3rd period - Connor McDavid wins face-off versus Noah Gregor in PITTSBURGH Penguins zone.
19:00 of 3rd period - Shot by Noah Gregor.
19:00 of 3rd period - Shot Misses the Net.
19:02 of 3rd period - Shot by Tanner Jeannot.
19:02 of 3rd period - Stopped by Darcy Kuemper without a rebound.
19:03 of 3rd period - William Nylander wins face-off versus Drake Batherson in PITTSBURGH Penguins zone.
19:28 of 3rd period - Shot by Will Butcher.
19:28 of 3rd period - Shot Blocked by Erik Karlsson.
Goals for this period are 0 for PITTSBURGH Penguins vs 2 for DETROIT Red Wings.
Shots for this period are 3 for PITTSBURGH Penguins vs 12 for DETROIT Red Wings.